 Dungeon Crawl Stone Soup version 0.26.1-10-gdfb7c7de75 (webtiles) character file.

Game seed: 16864997547302966117

16 ytrimaz the Sneak (level 2, -1/14 HPs)
             Began as a Spriggan Brigand on Apr 3, 2021.
             Slain by a gnoll
             ... wielding a +0 halberd
              (8 damage)
             ... on level 2 of the Dungeon.
             The game lasted 00:00:53 (1244 turns).

ytrimaz the Sneak (Spriggan Brigand)                Turns: 1244, Time: 00:00:54

Health: -1/14      AC:  3    Str:  7    XL:     2   Next: 41%
Magic:  3/3        EV: 17    Int: 12    God:
Gold:   69         SH:  0    Dex: 17    Spells: 1/1 levels left

rFire    . . .     SeeInvis +   a - +2 dagger
rCold    . . .     Faith    .   (shield restricted)
rNeg     . . .     Spirit   .   b - +0 robe
rPois    .         Reflect  .   (helmet restricted)
rElec    .         Harm     .   c - +0 cloak
rCorr    .         Rampage  .   (gloves unavailable)
Will     .....                  (boots unavailable)
Stlth    +++.......             (no amulet)
HPRegen  0.04/turn              (no ring)
MPRegen  0.08/turn              (no ring)

@: very quick
A: very small, unfitting armour, see invisible, speed 3
a: no special abilities


You were on level 2 of the Dungeon.
You visited 1 branch of the dungeon, and saw 2 of its levels.

You collected 69 gold pieces.

Inventory:

Hand Weapons
 a - a +2 dagger (weapon)
Missiles
 d - 8 poisoned darts (quivered)
 e - 2 curare-tipped darts
Armour
 b - a +0 robe (worn)
 c - a +0 cloak (worn)
Jewellery
 j - a cursed -4 ring of intelligence {unknown}
 m - an uncursed ring of ice {unknown}
Scrolls
 f - a scroll of magic mapping {unknown}
 g - a scroll of identify {unknown}
 h - a scroll of teleportation {unknown}
 i - 2 scrolls of remove curse {unknown}
 k - a scroll of enchant weapon {unknown}
 l - a scroll of enchant armour {unknown}
Potions
 n - a potion of lignification {unknown}
 o - 2 potions of heal wounds {unknown}


   Skills:
 + Level 1.6 Fighting
 + Level 2.6 Short Blades
 + Level 2.0 Throwing
 + Level 1.6 Dodging
 + Level 6.5 Stealth


You had one spell level left.
You didn't know any spells.
Your spell library was empty.

Dungeon Overview and Level Annotations

Branches:
Dungeon (2/15)

Altars:
Nemelex Xobeh


Innate Abilities, Weirdness & Mutations

You are very small and have problems with some larger weapons.
You are too small for most types of armour.
You have supernaturally acute eyesight. (SInv)
You cover ground extremely quickly.


Message History

The bat misses you.
You barely miss the gnoll. The bat barely misses you.
The gnoll closely misses you.
You hit the gnoll.
The gnoll is lightly wounded.
The bat misses you.
The quokka twitches its whiskers.
A gnoll comes into view. It is wielding a +0 halberd.
The gnoll misses you. The gnoll barely misses you.
You hit the gnoll.
The gnoll is lightly wounded.
The bat completely misses you. The dart slug barely misses you.
The gnoll hits you but does no damage. The gnoll barely misses you.
You hit the gnoll.
The gnoll is lightly wounded.
The bat barely misses you.
A gnoll comes into view. It is wielding a +2 whip of venom.
The gnoll hits you from afar with a +0 halberd!
Ouch! That really hurt!
You die...

..##.##. # ###.##.#.. #.
..#.##.#.# #.##.#.##.#.#
. #....#.##.#.# ..
...#......####.#
########.#...........#
..(.........†.b..$####
####....!......w@gg.....
.......#..####.#g##g.###
####.#<#..####.⌠r⌠# .#
................_... g
####+###.....#.w.⌠##r
.####.#!#..# .# ..
.......# . ... ##.##.#>#
..$. #


You could see a worm, 4 gnolls, a dart slug, a quokka and a bat.

Vanquished Creatures
  2 dart slugs (D:1)
  A leopard gecko (D:1)
  2 giant cockroaches (D:2)
  A goblin (D:1)
  2 hobgoblins (D:1)
  A bat (D:1)
  2 frilled lizards
11 creatures vanquished.

Notes
Turn   | Place    | Note
-------+----------+-------------------------------------------
     0 | D:1      | ytrimaz the Spriggan Brigand began the quest for the Orb.
     0 | D:1      | Reached XP level 1. HP: 10/10 MP: 2/2
   105 | D:1      | Reached skill level 6 in Stealth
   436 | D:1      | Reached XP level 2. HP: 7/14 MP: 3/3
  1211 | D:2      | Found a sparkling altar of Nemelex Xobeh.
  1244 | D:2      | Slain by a gnoll

Illustrated notes

Levels and vault maps discovered:
D:1:      sevenhm_arrival_forest_fort_large_2, layout_basic
D:2:      layout_basic, nemelex_xobeh_ov_fountains_minmay

Skill      XL: |  1 |
---------------+----+-----
Stealth        | 6 |  6.5
Fighting       | |  1.6
Short Blades   | |  2.6
Throwing       | |  2.0
Dodging        | |  1.6

Action                   || total
-------------------------++-------
Melee: Dagger            ||    56
 Stab: Sleeping          ||     2
Armor: Robe              ||    16
Dodge: Dodged            ||    74
